 Dungeon Crawl Stone Soup version 0.22-a0-402-ga933591 (webtiles) character file.

485 Mgcat the Slinger (level 7, -5/44 HPs)
             Began as a Halfling Hunter on May 6, 2018.
             Was an Initiate of Gozag.
             Slain by azzavlup's ghost (7 damage)
             ... on level 4 of the Dungeon.
             The game lasted 00:12:23 (4039 turns).

Mgcat the Slinger (Halfling Hunter)                 Turns: 4039, Time: 00:12:24

Health: -5/44      AC: 10    Str: 15    XL:     7   Next: 35%
Magic:  7/7        EV:  9    Int:  9    God:    Gozag
Gold:   469        SH:  0    Dex: 15    Spells: 6/6 levels left

rFire    . . .     SeeInvis .   b - +0 short sword
rCold    . . .     Gourm    .   (shield restricted)
rNeg     + . .     Faith    .   x - +0 chain mail
rPois    .         Spirit   .   v - +0 helmet
rElec    .         Reflect  .   (no cloak)
rCorr    .         Harm     .   t - +0 pair of gloves
MR       .....                  (no boots)
Stlth    ..........             (no amulet)
HPRegen  0.14/turn              (no ring)
MPRegen  0.10/turn              i - ring of positive energy {rN+}

@: no status effects
A: small, mutation resistance 1
a: Potion Petition, Call Merchant, Bribe Branch, Renounce Religion


You were on level 4 of the Dungeon.
You worshipped Gozag.
Gozag was aware of your devotion.
You were near starving.

You visited 1 branch of the dungeon, and saw 4 of its levels.

You collected 498 gold pieces.
You paid 29 gold pieces to Gozag.

Inventory:

Hand Weapons
 a - a +1 hunting sling
 b - a +0 short sword (weapon)
Missiles
 B - 6 curare-tipped needles
Armour
 c - a +0 leather armour
 t - a +0 pair of gloves (worn)
   (You found it on level 2 of the Dungeon)
 v - a +0 helmet (worn)
   (You found it on level 3 of the Dungeon)
 x - a +0 chain mail (worn)
   (You found it on level 3 of the Dungeon)
Jewellery
 i - a ring of positive energy (right hand) {rN+}
   (You found it on level 2 of the Dungeon)
 k - an uncursed ring of ice {rC+, rF-}
   (You found it on level 1 of the Dungeon)
 q - an uncursed ring of fire {rF+, rC-}
   (You found it on level 2 of the Dungeon)
Wands
 y - a wand of random effects (24)
   (You found it on level 4 of the Dungeon)
Scrolls
 h - a scroll of noise {!r}
 l - a scroll of remove curse
 m - a scroll of fog
 p - 2 scrolls of blinking {!r}
Potions
 e - a potion of berserk rage {unknown}
 g - a potion of magic {unknown}
 n - 2 potions of heal wounds
 o - a potion of brilliance {unknown}
 r - a potion of might {unknown}
 z - a potion of curing
 A - a potion of mutation {unknown}
Comestibles
 f - 6 rations


   Skills:
 - Level 1.7 Fighting
 + Level 11.6 Slings
 - Level 2.1 Dodging
 - Level 1.1 Stealth


You had 6 spell levels left.
You didn't know any spells.

Dungeon Overview and Level Annotations

Branches:
Dungeon (4/15)
 Temple: D:4-7

Altars:
Fedhas
Gozag
Makhleb
Ru
Vehumet
Zin

Annotations:
D:4 azzavlup's ghost, amateur DrSk


Innate Abilities, Weirdness & Mutations

You are small and have problems with some larger weapons.
You are somewhat resistant to further mutation.


Message History

Aim: azzavlup's ghost (severely damaged, shrouded)
Okay, then.
Firing (i - inventory) No suitable missiles.
Press: ? - help, Shift-Dir - straight line, f/p - azzavlup's ghost
Aim: azzavlup's ghost (severely damaged, shrouded)
Okay, then.
Unknown command.
b - a +0 short sword (weapon)
You hit azzavlup's ghost but do no damage.
Azzavlup's ghost is severely damaged.
Azzavlup's ghost hits you.
You barely miss azzavlup's ghost.
Azzavlup's ghost is severely damaged.
Azzavlup's ghost hits you but does no damage.
Your chain mail prevents you from hitting azzavlup's ghost.
Azzavlup's ghost is severely damaged.
Azzavlup's ghost hits you but does no damage.
Azzavlup's ghost's shroud bends your attack away.
Azzavlup's ghost hits you but does no damage.
Azzavlup's ghost barely misses you.
Azzavlup's ghost's shroud bends your attack away.
Azzavlup's ghost hits you but does no damage.
You hit azzavlup's ghost but do no damage.
Azzavlup's ghost is severely damaged.
Azzavlup's ghost hits you.
You are too injured to fight recklessly!
You are too injured to fight recklessly!
You are too injured to fight recklessly!
You are too injured to fight recklessly!
You are too injured to fight recklessly!
You are too injured to fight recklessly!
You hit azzavlup's ghost but do no damage.
Azzavlup's ghost is severely damaged.
Azzavlup's ghost closely misses you.
You hit azzavlup's ghost.
Azzavlup's ghost is severely damaged.
Azzavlup's ghost hits you!
You hit azzavlup's ghost.
Azzavlup's ghost is severely damaged.
Azzavlup's ghost hits you but does no damage.
Azzavlup's ghost's shroud bends your attack away.
Azzavlup's ghost hits you but does no damage.
Azzavlup's ghost's shroud bends your attack away.
Azzavlup's ghost hits you.
You closely miss azzavlup's ghost.
Azzavlup's ghost is severely damaged.
Azzavlup's ghost hits you but does no damage.
You barely miss azzavlup's ghost.
Azzavlup's ghost is severely damaged.
Azzavlup's ghost barely misses you.
Your chain mail prevents you from hitting azzavlup's ghost.
Azzavlup's ghost is severely damaged.
Azzavlup's ghost hits you.
Azzavlup's ghost hits you but does no damage.
Your chain mail prevents you from hitting azzavlup's ghost.
Azzavlup's ghost is severely damaged.
Azzavlup's ghost hits you but does no damage.
You hit azzavlup's ghost but do no damage.
Azzavlup's ghost is severely damaged.
Azzavlup's ghost hits you but does no damage.
You hit azzavlup's ghost but do no damage.
Azzavlup's ghost is severely damaged.
Azzavlup's ghost hits you.
You hit azzavlup's ghost but do no damage.
Azzavlup's ghost is severely damaged.
Azzavlup's ghost keens inconsolably.
Azzavlup's ghost hits you.
Your chain mail prevents you from hitting azzavlup's ghost.
Azzavlup's ghost is severely damaged.
Azzavlup's ghost hits you.
Your chain mail prevents you from hitting azzavlup's ghost.
Azzavlup's ghost is severely damaged.
Azzavlup's ghost hits you but does no damage.
You closely miss azzavlup's ghost.
Azzavlup's ghost is severely damaged.
Azzavlup's ghost hits you!
* * * LOW HITPOINT WARNING * * *
Azzavlup's ghost's shroud bends your attack away.
Azzavlup's ghost misses you.
You closely miss azzavlup's ghost.
Azzavlup's ghost is severely damaged.
Azzavlup's ghost hits you but does no damage.
You hit azzavlup's ghost but do no damage.
Azzavlup's ghost is severely damaged.
Azzavlup's ghost hits you but does no damage. x2
You closely miss azzavlup's ghost.
Azzavlup's ghost is severely damaged.
Azzavlup's ghost barely misses you.
Azzavlup's ghost's shroud bends your attack away.
Azzavlup's ghost hits you.
* * * LOW HITPOINT WARNING * * *
Your chain mail prevents you from hitting azzavlup's ghost.
Azzavlup's ghost is severely damaged.
Azzavlup's ghost hits you.
* * * LOW HITPOINT WARNING * * *
You hit azzavlup's ghost but do no damage.
Azzavlup's ghost is severely damaged.
Azzavlup's ghost hits you!
You die...
Your body crumbles into a pile of gold.

#.#.....##...W....##..........#
#.#.....######.#.##########'#####
#,#..........#.#.# #.##...
*,#....#####.#.#)# #.##...
*,#....#.#...#.#.# ######.##...
#.#....#.#.###.#(# #....#.##...
#........#.# #.#(# #....#.##...
########.#.# #.#W# #....#.##...
#(#.# #.#@# #....#.##...
#####)#.# #.#.# #...)#.##...
#.....#.###.#.# #....#.##...
#...###.....#.# #......##...
#.).##......#.#####........... #
#.#########.#>..)............. #
#.# #...#########......... #
#.#######.### #...###### #
#.........# #####


You could see azzavlup's ghost.

Vanquished Creatures
  2 ogres (D:4)
  A hound (D:4)
  3 orc wizards
  A centaur skeleton (D:4)
  2 iguanas
  3 adders
  An ooze (D:2)
  2 worms
  2 dart slugs (D:3)
  5 leopard geckos
  11 orcs
  5 bats
  3 giant cockroaches
  6 goblins
  7 hobgoblins
  9 jackals
  5 kobolds
  2 ball pythons (D:1)
  A frilled lizard (D:1)
  A rat (D:1)
72 creatures vanquished.

Notes
Turn   | Place    | Note
-------+----------+-------------------------------------------
     0 | D:1      | Mgcat the Halfling Hunter began the quest for the Orb.
     0 | D:1      | Reached XP level 1. HP: 14/14 MP: 1/1
    18 | D:1      | Reached skill level 6 in Slings
    90 | D:1      | Reached XP level 2. HP: 19/19 MP: 2/2
   527 | D:1      | Reached skill level 7 in Slings
   527 | D:1      | Reached XP level 3. HP: 24/24 MP: 3/3
  1129 | D:2      | Found an opulent altar of Gozag.
  1179 | D:2      | Became a worshipper of Gozag Ym Sagoz the Greedy
  1666 | D:3      | Reached XP level 4. HP: 29/29 MP: 4/4
  1762 | D:3      | Reached skill level 8 in Slings
  1902 | D:3      | Reached skill level 9 in Slings
  1902 | D:3      | Reached XP level 5. HP: 24/34 MP: 5/5
  1927 | D:3      | HP: 7/34 [orc wizard/puff of flame (7)]
  1929 | D:3      | HP: 1/34 [orc wizard/magic dart (3)]
  2195 | D:3      | Found a burning altar of Makhleb.
  2197 | D:3      | Found a glowing silver altar of Zin.
  2197 | D:3      | Noticed a green death
  2197 | D:3      | Noticed an angel
  2220 | D:3      | Found an opulent altar of Gozag.
  2220 | D:3      | Found a radiant altar of Vehumet.
  2220 | D:3      | Found a blossoming altar of Fedhas.
  2259 | D:3      | Found a sacrificial altar of Ru.
  2858 | D:4      | Noticed an ogre
  2866 | D:4      | Killed an ogre
  2866 | D:4      | Reached skill level 10 in Slings
  2866 | D:4      | Reached XP level 6. HP: 39/39 MP: 6/6
  2992 | D:4      | Noticed an ogre
  2997 | D:4      | Killed an ogre
  2998 | D:4      | Noticed azzavlup's ghost (amateur DrSk)
  3040 | D:4      | HP: 8/39 [azzavlup's ghost (2)]
  3068 | D:4      | HP: 6/39 [something/magic dart (4)]
  3363 | D:4      | Reached skill level 11 in Slings
  3363 | D:4      | Reached XP level 7. HP: 30/44 MP: 7/7
  4032 | D:4      | HP: 8/44 [azzavlup's ghost (7)]
  4037 | D:4      | HP: 3/44 [azzavlup's ghost (5)]
  4038 | D:4      | HP: 1/44 [azzavlup's ghost (2)]
  4039 | D:4      | Slain by azzavlup's ghost

Vault maps used:
D:1:      enne_arrival_octagon_isle, serial_co_window_serial,
          co_window_corner_a, co_window_corner_a, co_window_corner_a,
          co_window_paths_b, co_window_paths_a, co_window_paths_b,
          co_window_paths_a, co_window_2corner, co_window_2corner,
          co_window_unsneaky_path_d, co_window_corner_ca, co_window_2corner,
          co_window_paths_c, glass_columns_b, glass_columns_c, glass_columns_b,
          glass_columns_a, glass_columns_a, supply_closet_lemuel, minmay_tall_x
D:2:      grunt_gozag_breadcrumbs
D:3:      grunt_temple_overflow_order_and_chaos_2,
          nicolae_ru_the_path_less_chosen, gammafunk_temple_overflow_forgotten
D:4:      first_ration

Skill      XL: |  1  2  3  4  5  6 |
---------------+-------------------+-----
Slings         | 6 7 9 10 11 | 11.6
Fighting       | |  1.7
Dodging        | |  2.1
Stealth        | |  1.1

Action                   |  1- 3 |  4- 6 |  7- 9 || total
-------------------------+-------+-------+-------++-------
Melee: Short sword       |     1 |    73 |    95 ||   169
 Fire: Hunting sling     |    90 |   112 |    50 ||   252
  Use: Potion            |       |     2 |       ||     2
       Scroll            |       |       |     7 ||     7
  Eat: Chunk             |     1 |       |       ||     1
       Ration            |       |     2 |       ||     2
Armor: Leather armour    |     4 |     3 |       ||     7
       Chain mail        |       |    36 |    51 ||    87
Dodge: Dodged            |    19 |    39 |    43 ||   101

Table legend:
 A = Spawn XP
 B = Non-spawn XP
 C = Spawn XP percentage of total XP
 D = Spawn monster count
 E = Non-spawn monster count
 F = Spawn count percentage of total count
 G = Total turns spent on level
                    A         B        C        D         E        F      G
               +---------+---------+-------+---------+---------+-------+---------
         Total |       0 |     694 |   0.0 |       0 |      72 |   0.0 |  4039
               +---------+---------+-------+---------+---------+-------+---------
           D:1 |       0 |      39 |   0.0 |       0 |      22 |   0.0 |   961
           D:2 |       0 |      28 |   0.0 |       0 |      10 |   0.0 |   717
           D:3 |       0 |     180 |   0.0 |       0 |      22 |   0.0 |  1278
           D:4 |       0 |     447 |   0.0 |       0 |      18 |   0.0 |  1083
               +---------+---------+-------+---------+---------+-------+---------

Vault maps used:
D:1:      enne_arrival_octagon_isle, serial_co_window_serial,
          co_window_corner_a, co_window_corner_a, co_window_corner_a,
          co_window_paths_b, co_window_paths_a, co_window_paths_b,
          co_window_paths_a, co_window_2corner, co_window_2corner,
          co_window_unsneaky_path_d, co_window_corner_ca, co_window_2corner,
          co_window_paths_c, glass_columns_b, glass_columns_c, glass_columns_b,
          glass_columns_a, glass_columns_a, supply_closet_lemuel, minmay_tall_x
D:2:      grunt_gozag_breadcrumbs
D:3:      grunt_temple_overflow_order_and_chaos_2,
          nicolae_ru_the_path_less_chosen, gammafunk_temple_overflow_forgotten
D:4:      first_ration

Table legend:
 A = Turns spent in this place as a percentage of turns spent in the entire game.
 B = Non-inter-level travel turns spent in this place as a percentage of non-inter-level travel turns spent in the entire game.
 C = Inter-level travel turns spent in this place as a percentage of turns spent in this place.
 D = Turns resting spent in this place as a percentage of non-inter-level travel turns spent in this place.
 E = Turns spent auto-exploring this place as a percentage of non-inter-level travel turns spent in this place.
 F = Non-inter-level travel turns spent in this place divided by the number of levels of this place that you've seen.
                   A       B       C       D       E      F
               +-------+-------+-------+-------+-------+----------------------
         Total | 100.0 | 100.0 |   5.5 |   0.0 |  79.8 | 954.2
       Dungeon | 100.0 | 100.0 |   5.5 |   0.0 |  79.8 | 954.2
               +-------+-------+-------+-------+-------+----------------------

Table legend:
 A = Kills in this place as a percentage of kills in entire the game.
 B = Kills by you in this place as a percentage of kills by you in the entire game.
 C = Kills by friends in this place as a percentage of kills by friends in the entire game.
 D = Other kills in this place as a percentage of other kills in the entire game.
 E = Experience gained in this place as a percentage of experience gained in the entire game.
 F = Experience gained in this place divided by the number of levels of this place that you have seen.
                   A       B       C       D       E      F
               +-------+-------+-------+-------+-------+----------------------
         Total | 100.0 | 100.0 |   N/A |   N/A | 100.0 | 173.5
       Dungeon | 100.0 | 100.0 |   N/A |   N/A | 100.0 | 173.5
               +-------+-------+-------+-------+-------+----------------------
